AoeStats
← Lord_Wilfredo

Nomad

508564070Analyzed
4v4 RM · 10d ago on Sep 23, 2026· 41m 7s· 8 players
Game mode
Random Map
Map size
231×231
Population
200
Speed
Normal
Resources
Standard
Victory
Conquest
Starting age
Dark Age
Ending age
Imperial Age
RankedLock teamsTeams togetherTeam positionsShared explorationLock speedFull tech treeHidden civsTurbo modeCheats
Victory
Defeat
🇲🇽 Berbers · Mexico
1283
+16
🇧🇷 Lithuanians · Brazil
1272
+17
🇦🇷 Italians · Argentina
1240
+18
🇦🇷 Persians · Argentina
1207
+19
🇦🇷 Spanish · Argentina
1339
-20
🇵🇪 Maya · Peru
1331
-19
🇲🇽 Varangians · Mexico
1238
-16
🇨🇱 Britons · Chile
1219
-15
Cabeza
3:07 Loom
12:06 Feudal Age
12:38 Double-Bit Axe
16:21 Castle Age
15:27 Stone Mining
18:06 Bow Saw
19:11 Gold Mining
22:38 Fletching
25:11 Bodkin Arrow
26:37 Padded Archer Armor
28:01 Wheelbarrow
33:07 Imperial Age
34:23 Conscription
34:16 Bracer
34:31 Leather Archer Armor
35:18 Chemistry
34:39 Ballistics
36:18 Elite Genoese Crossbowman
37:43 Stone Shaft Mining
Stranngel
5:05 Loom
13:27 Feudal Age
17:53 Castle Age
17:16 Double-Bit Axe
19:58 Wheelbarrow
21:50 Bow Saw
22:23 Medium Warships
22:19 Gold Mining
23:02 Hand Cart
24:23 Horse Collar
25:22 Gold Shaft Mining
25:40 Stone Mining
26:51 Town Watch
28:15 Town Patrol
28:48 Fletching
34:59 Imperial Age
32:55 Bodkin Arrow
33:01 Padded Archer Armor
34:41 Ballistics
34:37 Clinker Construction
34:38 Careening
35:21 Heavy Plow
36:00 Stone Shaft Mining
36:15 Heavy Warships
36:57 Chemistry
36:55 Bracer
37:11 Leather Archer Armor
39:33 Siege Engineers
39:41 Elite Cannon Galleon
cesarmmartins
13:21 Loom
16:27 Feudal Age
17:00 Double-Bit Axe
17:58 Town Watch
21:10 Castle Age
19:35 Scale Barding Armor
19:21 Fishing Lines
20:40 Forging
20:42 Bloodlines
20:18 Horse Collar
22:46 Medium Warships
23:29 Bow Saw
23:46 Chain Barding Armor
24:32 Wheelbarrow
25:17 Heavy Plow
25:48 Gillnets
26:27 Padded Archer Armor
26:37 Fletching
26:39 Elite Skirmisher
28:23 Hand Cart
28:58 Bodkin Arrow
31:50 Leather Archer Armor
33:58 Ballistics
34:14 Stone Mining
34:14 Gold Mining
38:23 Imperial Age
39:33 Iron Casting
40:10 Chemistry
39:36 Conscription
39:16 Tower Shields
40:14 Bracer
40:44 Ring Archer Armor
41:22 Plate Barding Armor
Fran!
11:48 Loom
15:06 Feudal Age
15:40 Double-Bit Axe
21:38 Castle Age
20:52 Town Watch
22:09 Bloodlines
22:15 Scale Barding Armor
23:09 Forging
23:08 Horse Collar
24:45 Fletching
26:20 Husbandry
38:13 Wheelbarrow
38:30 Town Patrol
Ranilla_Sr Bernabe
3:56 Loom
14:06 Feudal Age
15:18 Double-Bit Axe
19:04 Castle Age
17:42 Gold Mining
19:54 Bow Saw
23:23 Scale Barding Armor
23:28 Forging
24:04 Wheelbarrow
24:42 Bloodlines
24:33 Husbandry
25:21 Horse Collar
26:07 Chain Barding Armor
28:12 Heavy Plow
29:10 Medium Warships
bastianbps
12:28 Loom
14:14 Feudal Age
18:23 Castle Age
17:09 Double-Bit Axe
17:05 Horse Collar
19:48 Bow Saw
21:44 Fletching
23:21 Bodkin Arrow
theblademaster
3:54 Loom
13:27 Feudal Age
17:05 Castle Age
15:00 Double-Bit Axe
17:35 Horse Collar
24:52 Wheelbarrow
27:02 Hand Cart
27:06 Heavy Plow
27:34 Stone Mining
32:10 Imperial Age
29:41 Fletching
31:12 Gold Mining
32:11 Stone Shaft Mining
31:41 Bodkin Arrow
32:37 Ballistics
33:22 Conscription
33:18 Bow Saw
33:40 Crop Rotation
34:29 Chemistry
34:06 Bracer
34:17 Town Watch
34:41 Padded Archer Armor
35:14 Scale Mail Armor
35:40 Treadmill Crane
35:56 Murder Holes
37:19 Chain Mail Armor
37:14 Forging
37:27 Thumb Ring
39:20 Plate Mail Armor
39:07 Leather Archer Armor
40:30 Hoardings
40:57 Ring Archer Armor
Lord_Wilfredo
5:11 Loom
14:03 Feudal Age
18:14 Castle Age
16:26 Double-Bit Axe
19:08 Bow Saw
18:43 Horse Collar
18:47 Fishing Lines
21:00 Padded Archer Armor
29:21 Wheelbarrow
29:53 Town Watch
37:21 Imperial Age
Connection lost

Rejoining the realm…

Still unreachable

The connection could not be restored.

Session expired

The server has moved on; the page needs a fresh start.